 Dungeon Crawl Stone Soup version 0.21.1-1-g345015f (webtiles) character file.

4128 kaesh the Grappler (level 10, -1/114 HPs)
             Began as a Troll Monk on Feb 27, 2018.
             Was an Elder of Makhleb.
             Slain by a bullfrog (8 damage)
             ... on level 1 of the Lair of Beasts.
             The game lasted 00:16:56 (6439 turns).

kaesh the Grappler (Troll Monk)                     Turns: 6439, Time: 00:16:56

Health: -1/114     AC:  7    Str: 24    XL:     10   Next: 6%
Magic:  10/10      EV: 13    Int:  6    God:    Makhleb [****..]
Gold:   445        SH:  0    Dex: 12    Spells: 9/9 levels left

rFire    + . .     SeeInvis .     - Unarmed
rCold    . . .     Gourm    +   (no shield)
rNeg     . . .     Faith    +   a - +1 robe
rPois    .         Spirit   .   (helmet restricted)
rElec    .         Reflect  .   (no cloak)
rCorr    .         Harm     .   (gloves unavailable)
MR       +....                  (boots unavailable)
Stlth    ++........             g - amulet of faith
HPRegen  0.69/turn              k - ring of protection from magic
MPRegen  0.12/turn              q - +1 ring of protection

@: about to teleport
A: large, unfitting armour, claws 3, fire resistance 1, fast metabolism 3,
gourmand, regeneration 1, robust 1, shaggy fur 1, tough skin 2, subdued magic 1
a: Minor Destruction, Lesser Servant of Makhleb, Major Destruction, Renounce
Religion


You were on level 1 of the Lair of Beasts.
You worshipped Makhleb.
Makhleb was greatly pleased with you.
You were completely stuffed.

You visited 3 branches of the dungeon, and saw 10 of its levels.

You collected 445 gold pieces.

Inventory:

Armour
 a - a +1 robe (worn)
Jewellery
 g - an amulet of faith (around neck)
 k - a ring of protection from magic (left claw)
 l - an uncursed ring of magical power
 q - a +1 ring of protection (right claw)
Wands
 b - a wand of iceblast (14)
Scrolls
 c - 8 scrolls of identify
 d - 2 scrolls of enchant weapon
 i - 7 scrolls of teleportation
 m - a scroll of fog
 o - a scroll of magic mapping
 p - a scroll of fear
 s - a scroll of enchant armour
 u - a scroll of remove curse
Potions
 e - 3 potions of curing
 n - 2 potions of might
 r - a potion of agility
 t - a potion of haste {unknown}
Books
 j - a Young Poisoner's Handbook

   Spells                             Type                      Level
   a - Sting                          Conjuration/Poison           1
   b - Poisonous Vapours              Poison/Air                   2
   c - Mephitic Cloud                 Conjuration/Poison/Air       3
   d - Olgreb's Toxic Radiance        Poison                       4
   e - Venom Bolt                     Conjuration/Poison           5
Comestibles
 h - 8 rations


   Skills:
 + Level 7.7 Fighting
 + Level 7.7 Dodging
 - Level 1.0 Stealth
 + Level 9.3 Unarmed Combat
 + Level 2.3 Invocations


You had 9 spell levels left.
You didn't know any spells.

Dungeon Overview and Level Annotations

Branches:
Dungeon (8/15)             Temple (1/1) D:4            Lair (1/6) D:8

Altars:
Ashenzari
Cheibriados
Dithmenos
Elyvilon
Fedhas
Gozag
Hepliaklqana
Kikubaaqudgha
Makhleb
Nemelex Xobeh
Okawaru
Qazlal
Ru
Sif Muna
Trog
Uskayaw
Vehumet
Wu Jian
Xom
Yredelemnul
Zin
The Shining One


Innate Abilities, Weirdness & Mutations

You are too large for most types of armour.
You have claws for hands.
Your metabolism is lightning-fast.
You like to eat raw meat.
Your natural rate of healing is unusually fast.
You are covered in fur. (AC +1)
You have very tough skin. (AC +2)
Your flesh is heat resistant. (rF+)
You are robust. (+10% HP)
Your spells are a little easier to cast, but a little less powerful.


Message History

Okay, then.
You scratch the yak but do no damage. The bullfrog closely misses you.
The yak closely misses you. The hippogriff barely misses you. x2
The hippogriff claws you but does no damage.
The yak misses you.
The bullfrog hits you but does no damage.
You claw the yak!
The yak is lightly wounded.
The yak gores you.
* * * LOW HITPOINT WARNING * * *
The bullfrog hits you.
* * * LOW HITPOINT WARNING * * *
The hippogriff bites you!
* * * LOW HITPOINT WARNING * * *
The hippogriff closely misses you. The hippogriff claws you!
* * * LOW HITPOINT WARNING * * *
The yak barely misses you.
As you read the scroll of teleportation, it crumbles to dust.
You feel strangely unstable. The bullfrog hits you!
You die...

......# .......
.......##
PP......## .
P........# ..
P........## ...
.......<..# ...#
.........Y## ....#
.........Y@##....#
.........FH.....#
...............##
..............##
............$.#
..............#
............##
.......#...#
.....P....


You could see a hippogriff, 2 yaks and a bullfrog.

Vanquished Creatures
  An ugly thing (D:6)
  A troll (D:8)
  A hippogriff (D:8)
  The ghost of Baghtru the Skirmisher, an amateur HOFi of the Shining One (D:4)
  A wyvern (D:8)
  2 yaks (Lair:1)
  An orc warrior (D:8)
  3 sky beasts
  2 ogres
  2 phantoms
  A centaur (D:7)
  The ghost of Autsider the Caller, an amateur MfSu of Elyvilon (D:3)
  10 bullfrogs
  A howler monkey (D:4)
  3 crimson imps
  A centaur zombie (D:7)
  2 quasits
  2 hounds (D:5)
  9 orc wizards
  5 orc priests
  A centaur skeleton (D:6)
  A jelly (D:6)
  Ijyb (D:4)
  8 worker ants
  7 gnolls
  8 adders
  2 shadow imps
  2 oozes
  An adder zombie (D:5)
  An adder skeleton (D:6)
  A worm (D:4)
  3 dart slugs
  4 leopard geckos
  26 orcs
  2 ball pythons
  5 giant cockroaches
  6 goblins
  8 hobgoblins
  4 quokkas (D:3)
  8 bats
  2 frilled lizards (D:1)
  A jackal zombie (D:6)
  6 kobolds
  7 rats
165 creatures vanquished.

Notes
Turn   | Place    | Note
-------+----------+-------------------------------------------
     0 | D:1      | kaesh the Troll Monk began the quest for the Orb.
     0 | D:1      | Reached XP level 1. HP: 22/22 MP: 0/0
   186 | D:1      | Reached XP level 2. HP: 29/29 MP: 1/1
   348 | D:1      | Reached skill level 5 in Fighting
   348 | D:1      | Reached skill level 5 in Dodging
   348 | D:1      | Reached skill level 6 in Unarmed Combat
   348 | D:1      | Reached XP level 3. HP: 42/42 MP: 2/2
  1160 | D:2      | Reached XP level 4. HP: 50/50 MP: 3/3
  1585 | D:3      | Noticed Autsider's ghost (amateur MfSu)
  1662 | D:3      | Found a white marble altar of Elyvilon.
  1744 | D:3      | Reached XP level 5. HP: 56/57 MP: 4/4
  1793 | D:3      | Noticed a phantom
  1821 | D:3      | Killed a phantom
  1935 | D:3      | Killed Autsider's ghost
  1935 | D:3      | Reached XP level 6. HP: 61/66 MP: 5/5
  2062 | D:3      | Found a blossoming altar of Fedhas.
  2063 | D:3      | Found an ancient bone altar of Kikubaaqudgha.
  2324 | D:4      | Found a staircase to the Ecumenical Temple.
  2385 | Temple   | Entered the Ecumenical Temple
  2513 | Temple   | Became a worshipper of Makhleb the Destroyer
  2513 | Temple   | Reached * piety under Makhleb
  2513 | Temple   | Reached ** piety under Makhleb
  2581 | D:4      | Noticed Ijyb
  2585 | D:4      | Noticed Baghtru's ghost (amateur HOFi)
  2589 | D:4      | Killed Ijyb
  2600 | D:4      | Killed Baghtru's ghost
  2600 | D:4      | Reached skill level 7 in Unarmed Combat
  2600 | D:4      | Reached XP level 7. HP: 62/74 MP: 6/6
  3028 | D:4      | Found a shattered altar of Ashenzari.
  3072 | D:4      | Gained mutation: You are robust. (+10% HP) [potion of mutation]
  3072 | D:4      | Gained mutation: Your spells are a little easier to cast, but a little less powerful. [potion of mutation]
  3072 | D:4      | Gained mutation: Your flesh is heat resistant. (rF+) [potion of mutation]
  3092 | D:5      | Entered Level 5 of the Dungeon
  3212 | D:5      | Reached XP level 8. HP: 91/91 MP: 7/7
  3774 | D:5      | Reached *** piety under Makhleb
  4282 | D:6      | Reached skill level 8 in Unarmed Combat
  4295 | D:6      | Noticed a white ugly thing
  4308 | D:6      | Killed a white ugly thing
  4313 | D:6      | Reached XP level 9. HP: 31/101 MP: 8/8
  5205 | D:7      | Found a radiant altar of Vehumet.
  5209 | D:7      | Found a snail-covered altar of Cheibriados.
  5455 | D:8      | Reached skill level 1 in Invocations
  5514 | D:8      | Reached **** piety under Makhleb
  5514 | D:8      | Reached skill level 9 in Unarmed Combat
  5621 | D:8      | Found an ornate altar of the Wu Jian Council.
  5644 | D:8      | Found a deep blue altar of Sif Muna.
  5644 | D:8      | Found a basalt altar of Yredelemnul.
  5655 | D:8      | Found a sacrificial altar of Ru.
  5659 | D:8      | Found a glowing golden altar of the Shining One.
  5736 | D:8      | Noticed a troll
  5753 | D:8      | Killed a troll
  6134 | D:8      | Found a staircase to the Lair.
  6419 | Lair:1   | Entered Level 1 of the Lair of Beasts
  6432 | Lair:1   | Reached XP level 10. HP: 62/114 MP: 10/10
  6439 | Lair:1   | Slain by a bullfrog

Skill      XL: |  1  2  3  4  5  6  7  8  9 |
---------------+----------------------------+-----
Fighting       | 5 6 7 |  7.7
Dodging        | 5 6 7 |  7.7
Unarmed Combat | 6 7 8 9 |  9.3
Invocations    | 2 |  2.3
Stealth        | |  1.0

Action                   |  1- 3 |  4- 6 |  7- 9 | 10-12 || total
-------------------------+-------+-------+-------+-------++-------
Melee: Unarmed           |    41 |   148 |   308 |     6 ||   503
       Punch             |       |     1 |     7 |       ||     8
  Use: Scroll            |     4 |     4 |     5 |     1 ||    14
       Potion            |     1 |     1 |     7 |       ||     9
 Stab: Sleeping          |     3 |     3 |     4 |       ||    10
  Eat: Chunk             |     4 |    18 |    35 |       ||    57
       Ration            |     1 |     1 |       |       ||     2
Armor: Robe              |    11 |    25 |    89 |     5 ||   130
Dodge: Dodged            |    10 |    79 |   166 |    19 ||   274
